 Dungeon Crawl Stone Soup version 0.23-b1-59-g586d0d887c (webtiles) character file.

Game seed: 6797805206293077172

23988 McKennaii the Transmogrifier (level 12, -1/97 HPs)
             Began as a Yellow Draconian Transmuter on Feb 5, 2019.
             Was a High Priest of Sif Muna.
             Slain by an orc warrior
             ... wielding a +0 flail
              (20 damage)
             ... on level 13 of the Dungeon.
             The game lasted 01:24:20 (24305 turns).

McKennaii the Transmogrifier (DrTm)                Turns: 24305, Time: 01:24:21

Health: -1/97      AC: 11    Str: 16    XL:     12   Next: 76%
Magic:  6/26       EV: 16    Int: 21    God:    Sif Muna [*****.]
Gold:   978        SH:  8    Dex: 17    Spells: 19/32 levels left

rFire    + . .     SeeInvis +   s - +12 falchion of Viwned {flame, rN+ Str+2 Stlth+}
rCold    + . .     Gourm    .   x - +3 buckler
rNeg     + . .     Faith    +   (armour unavailable)
rPois    .         Spirit   .   L - +2 hat {SInv}
rElec    .         Reflect  .   (no cloak)
rCorr    .         Harm     .   l - +0 pair of gloves
MR       .....                  (no boots)
Stlth    ++++......             m - amulet "Goulix" {Faith Dex+4}
HPRegen  0.26/turn              H - ring of protection from cold
MPRegen  0.20/turn              r - +3 ring of intelligence

@: no status effects
A: spit acid, unfitting armour, fire resistance 1, strong 1, cold-blooded, AC +8
a: Breathe Acid, Divine Energy, Channel Magic, Forget Spell, Renounce Religion


You were on level 13 of the Dungeon.
You worshipped Sif Muna.
Sif Muna was extremely pleased with you.
You were not hungry.

You visited 2 branches of the dungeon, and saw 14 of its levels.
You also visited: Bailey.

You collected 1029 gold pieces.
You spent 51 gold pieces at shops.

Inventory:

Hand Weapons
 s - the +12 falchion of Viwned (weapon) {flame, rN+ Str+2 Stlth+}
   (You found it on level 13 of the Dungeon)

   It has been specially enchanted to burn those struck by it, causing extra
   injury to most foes and up to half again as much damage against particularly
   susceptible opponents.
   Big, fiery blades are also staple armaments of hydra-hunters.
   It affects your strength (+2).
   It protects you from negative energy.
   It makes you more stealthy.
 J - the +4 dire flail "Homaeniu" {freeze, rF+ rN+}
   (You found it on level 9 of the Dungeon)

   It has been specially enchanted to freeze those struck by it, causing extra
   injury to most foes and up to half again as much damage against particularly
   susceptible opponents.
   It can also slow down cold-blooded creatures.
   It protects you from fire.
   It protects you from negative energy.
 K - the +7 long sword of Quutuap {freeze, rF++ Str+2 Stlth+}
   (You found it on level 9 of the Dungeon)

   It has been specially enchanted to freeze those struck by it, causing extra
   injury to most foes and up to half again as much damage against particularly
   susceptible opponents.
   It can also slow down cold-blooded creatures.
   It affects your strength (+2).
   It greatly protects you from fire.
   It makes you more stealthy.
Missiles
 a - 87 arrows
Armour
 l - a +0 pair of gloves (worn)
 x - a +3 buckler (worn)
 L - a +2 hat of see invisible (worn)
Magical Staves
 o - an uncursed staff of cold
Jewellery
 h - an uncursed ring of see invisible
 i - an uncursed ring of flight
 m - the amulet "Goulix" (around neck) {Faith Dex+4}
   (You acquired it in a bailey)

   [amulet of faith]

   It allows you to gain divine favour quickly.
   It affects your dexterity (+4).
 r - a +3 ring of intelligence (right hand)
 H - a ring of protection from cold (left hand)
Wands
 k - a wand of digging (2)
 w - a wand of acid (13)
 z - a wand of paralysis (4)
 D - a wand of flame (4)
Scrolls
 d - 10 scrolls of identify
 p - 5 scrolls of immolation
 u - 2 scrolls of enchant armour
 v - a scroll of magic mapping
 y - 2 scrolls of amnesia
 B - 3 scrolls of remove curse
 C - 3 scrolls of enchant weapon
 N - a scroll of fog
Potions
 b - 3 potions of flight
 e - 3 potions of mutation
 f - 3 potions of lignification
 g - 2 potions of might
 j - a potion of magic
 n - a potion of agility
 q - a potion of brilliance
 t - a potion of invisibility
 E - a potion of cancellation
 F - a potion of berserk rage
 I - a potion of curing
Comestibles
 c - 9 rations


   Skills:
 * Level 6.3 Fighting
 + Level 5.6 Dodging
 + Level 3.7 Stealth
 + Level 4.3 Shields
 + Level 10.1 Unarmed Combat
 * Level 10.8 Spellcasting
 * Level 11.3 Transmutations
 * Level 4.4 Ice Magic


You had 19 spell levels left.
You knew the following spells:

 Your Spells              Type           Power        Failure   Level  Hunger
b - Sticks to Snakes      Tmut           ######..     1%          2    None
c - Blade Hands           Tmut           ######....   1%          5    ####...
d - Ice Form              Ice/Tmut       #####...     2%          4    ##.....
e - Throw Frost           Conj/Ice       ###...       3%          2    None

Your spell library contained the following spells:

 Spells                   Type           Power        Failure   Level  Hunger
 Beastly Appendage        Tmut           ######       1%          1    None
 Spider Form              Tmut/Pois      #####.....   1%          3    None
 Animate Skeleton         Necr           N/A          6%          1    None
 Apportation              Tloc           ##....       6%          1    None
 Confusing Touch          Hex            ##....       6%          1    None
 Flame Tongue             Conj/Fire      ##...        6%          1    None
 Pain                     Necr           ##..         6%          1    None
 Summon Small Mammal      Summ           ##..         6%          1    None
 Dazzling Spray           Conj/Hex       ##....       19%         3    None
 Regeneration             Chrm/Necr      ##........   19%         3    None
 Leda's Liquefaction      Hex/Erth       ##........   52%         4    ##.....
 Sticky Flame             Conj/Fire      ##......     52%         4    ##.....
 Bolt of Magma            Conj/Fire/Erth ##........   86%         5    ####...
 Borgnjor's Vile Clutch   Necr/Erth      ##........   86%         5    ####...
 Iskenderun's Battlesphe  Conj/Chrm      ##......     86%         5    ####...
 Venom Bolt               Conj/Pois      ##........   86%         5    ####...
 Bolt of Fire             Conj/Fire      ##........   100%        6    ######.
 Iron Shot                Conj/Erth      ##........   100%        6    ######.
 Orb of Destruction       Conj           ##........   100%        7    #######
 Spellforged Servitor     Conj/Summ      ##........   100%        7    #######
 Necromutation            Tmut/Necr      #####.....   100%        8    #######


Dungeon Overview and Level Annotations

Branches:
Dungeon (13/15)            Temple (1/1) D:4            Lair (0/6) D:9
    Orc (0/2) D:9
 Vaults: D:13-14

Altars:
Ashenzari
Cheibriados
Elyvilon
Fedhas
Gozag
Hepliaklqana
Kikubaaqudgha
Nemelex Xobeh
Okawaru
Qazlal
Ru
Sif Muna
Trog
Uskayaw
Vehumet
Wu Jian
Xom
Yredelemnul
Zin
The Shining One
Beogh

Shops:
D:12 [   D:13 ?

Annotations:
D:2 exclusion: oklob plant
D:9 3 runed translucent doors, NeAGen181's ghost, journeyman HOFi
D:12 Morbidden's ghost, journeyman DsNe
D:13 Masa's ghost, journeyman VSTm


Innate Abilities, Weirdness & Mutations

You can spit globs of acid.
Your golden yellow scales are hard. (AC +8)
You cannot fit into any form of body armour.
You are cold-blooded and may be slowed by cold attacks.
Your flesh is heat resistant. (rF+)
Your muscles are strong. (Str +2)


Message History

The orc warrior hits you with a +0 flail.
Your adder barely misses the orc warrior.
Your adder closely misses the orc warrior. x2
Unknown command.
Casting: Sticks to Snakes (safe; 1% risk of failure)
Confirm with . or Enter, or press ? or * to list all spells.
You fail to create any snakes.
Your adder bites the orc warrior but does no damage.
The orc warrior hits you but does no damage.
The merfolk impaler hits you but does no damage.
Your adder barely misses the orc warrior.
The merfolk impaler hits you from afar with a +2 trident of piercing!
* * * LOW HITPOINT WARNING * * *
x2 Your adder bites the orc warrior.
Unknown command.
You hit the orc warrior. You burn the orc warrior.
The orc warrior is heavily wounded.
Your adder bites the orc warrior but does no damage.
The orc warrior hits you with a +0 flail!!
You die...

# ## ##########
.########.cm.....#
cQ(.......######.#
.######(..## #.#
....##..m..# #c#
....###...## #m# ....#
##.## #S# [...# #.#
#@# ....# #.# #o#####
#.### ##'## #SS.S.#
#.#####...## #####.#
.....#.....## ###.#
...#........## ##.#(#
.............####..(.#
.............c.......#
.............####....#


You could see a merfolk impaler, a centaur warrior, an orc warrior and 3
friendly adders.

Vanquished Creatures
  Gastronok (D:12)
  Erolcha (D:11)
  3 centaur warriors
  A two-headed ogre (D:11)
  Nergalle (D:11)
  The ghost of Necrophagist the Conjurer, a novice DrCj of Vehumet (D:7)
  2 cyclopes
  A manticore (D:13)
  2 ugly things (D:12)
  A centaur zombie (D:12)
  A gargoyle (D:11)
  A kobold demonologist (D:11)
  A freezing wraith (D:12)
  4 trolls
  3 hippogriffs
  11 slime creatures
  3 wraiths
  13 yaks
  2 wyverns
  3 hogs (D:10)
  A human (D:10)
  2 hungry ghosts (D:11)
  2 vampire mosquitoes (D:13)
  Menkaure (D:7)
  A water moccasin (D:8)
  An acid dragon (D:13)
  Duvessa (D:7)
  A black bear (D:7)
  6 orc warriors (Bailey)
  3 ice beasts
  4 sky beasts
  2 ogres
  4 phantoms
  A wolf (D:6)
  4 centaurs
  A crocodile (D:12)
  3 big kobolds
  6 bullfrogs
  A scorpion (D:9)
  A wyvern skeleton (D:12)
  Dowan (D:7)
  6 killer bees
  4 wights (D:11)
  2 crimson imps
  7 howler monkeys
  A bullfrog zombie (D:5)
  A quasit (D:9)
  A bullfrog skeleton (D:10)
  6 hounds
  6 orc priests
  3 jellies
  3 centaur skeletons
  4 iguanas
  2 gnoll shamans (D:6)
  8 worker ants
  8 orc wizards
  A statue (D:6)
  6 gnolls
  11 adders
  A howler monkey skeleton (D:9)
  4 shadow imps
  An adder zombie (D:7)
  5 worms
  2 dart slugs
  4 leopard geckos
  41 orcs
  5 bats
  9 giant cockroaches
  6 hobgoblins
  16 jackals
  30 kobolds
  5 quokkas
  3 ball pythons
  8 frilled lizards
  A giant cockroach zombie (D:5)
  8 goblins
  2 quokka skeletons
  10 rats
344 creatures vanquished.

Vanquished Creatures (collateral kills)
  An ettin (D:9)
  A hydra (D:9)
  A two-headed ogre (D:8)
  A tengu warrior (D:13)
  An ugly thing (D:9)
  A troll (D:12)
  A hornet (D:8)
  2 slime creatures (D:13)
  A yak (D:11)
  A vampire mosquito (D:13)
  An orc warrior (D:8)
  2 ogres
  A centaur (D:6)
  A crimson imp (D:5)
  A jelly (D:8)
  3 worker ants
  An adder (D:7)
  6 gnolls
  3 orcs
  A quokka (D:12)
  2 kobolds (D:11)
33 creatures vanquished.

Vanquished Creatures (others)
  A plant (D:9)
1 creature vanquished.

Grand Total: 378 creatures vanquished

Notes
Turn   | Place    | Note
-------+----------+-------------------------------------------
     0 | D:1      | McKennaii the Draconian Transmuter began the quest for the
                  | Orb.
     0 | D:1      | Reached XP level 1. HP: 16/16 MP: 3/3
   405 | D:1      | Reached XP level 2. HP: 23/23 MP: 3/5
  1130 | D:1      | Reached XP level 3. HP: 28/28 MP: 6/6
  1979 | D:2      | Reached XP level 4. HP: 30/35 MP: 7/7
  2053 | D:2      | Found a blossoming altar of Fedhas.
  2068 | D:2      | Learned a level 2 spell: Sticks to Snakes
  2075 | D:2      | Noticed an oklob plant
  2134 | D:2      | Found a glowing silver altar of Zin.
  3305 | D:3      | Reached XP level 5. HP: 41/41 MP: 6/8
  3585 | D:4      | Found a staircase to the Ecumenical Temple.
  3607 | Temple   | Entered the Ecumenical Temple
  3632 | Temple   | Became a worshipper of Sif Muna the Loreminder
  3690 | D:4      | Found a bloodstained altar of Trog.
  3830 | D:4      | Noticed an ogre
  3844 | D:4      | Killed an ogre
  3844 | D:4      | Reached skill level 1 in Stealth
  4026 | D:4      | Found a roughly hewn altar of Beogh.
  4041 | D:4      | Gained mutation: Your flesh is heat resistant. (rF+)
                  | [potion of mutation]
  4041 | D:4      | Gained mutation: Your muscles are strong. (Str +2) [potion
                  | of mutation]
  4511 | D:4      | Reached skill level 3 in Transmutations
  4511 | D:4      | Reached XP level 6. HP: 47/50 MP: 10/10
  4883 | D:5      | Entered Level 5 of the Dungeon
  4924 | D:5      | Learned a level 5 spell: Blade Hands
  5743 | D:5      | Noticed a sky beast
  5748 | D:4      | Your scales start taking on a golden yellow colour.
  5748 | D:4      | Reached XP level 7. HP: 53/56 MP: 10/12
  5816 | D:5      | Reached * piety under Sif Muna
  5816 | D:5      | Reached skill level 5 in Unarmed Combat
  5816 | D:5      | Reached skill level 4 in Transmutations
  6424 | D:5      | Found a white marble altar of Elyvilon.
  6580 | D:5      | Found a shimmering altar of Xom.
  6836 | D:6      | Reached XP level 8. HP: 52/62 MP: 14/14
  7749 | D:6      | Found a radiant altar of Vehumet.
  7774 | D:6      | Reached skill level 5 in Transmutations
  7996 | D:6      | Found a sparkling altar of Nemelex Xobeh.
  8008 | D:6      | Found an opulent altar of Gozag.
  8111 | D:7      | Found a hide-covered altar of Uskayaw.
  8130 | D:7      | Found a runed translucent gate.
  8192 | D:7      | Found a runed translucent gate.
  8195 | D:7      | Found a runed translucent gate.
  8195 | D:7      | Noticed Necrophagist's ghost (novice DrCj)
  8243 | D:7      | Reached skill level 5 in Spellcasting
  9005 | D:7      | Noticed Duvessa
  9009 | D:7      | Noticed Dowan
  9019 | D:7      | Reached ** piety under Sif Muna
  9299 | D:7      | Noticed Menkaure
  9314 | D:7      | Killed Menkaure
  9314 | D:7      | Reached skill level 6 in Transmutations
  9612 | D:7      | Reached XP level 9. HP: 70/70 MP: 15/17
 10022 | D:7      | Killed Dowan
 10061 | D:7      | Killed Duvessa
 10292 | D:7      | Found an ancient bone altar of Kikubaaqudgha.
 10456 | D:8      | Found a snail-covered altar of Cheibriados.
 10470 | D:8      | Found a sacrificial altar of Ru.
 10927 | D:8      | Noticed a two-headed ogre
 10947 | D:8      | Killed a two-headed ogre
 10947 | D:8      | Reached skill level 7 in Transmutations
 12398 | D:9      | Found a snail-covered altar of Cheibriados.
 12427 | D:9      | Found a shattered altar of Ashenzari.
 12484 | D:9      | Reached XP level 10. HP: 75/77 MP: 19/21
 12485 | D:9      | Reached *** piety under Sif Muna
 12603 | D:9      | Found a runed translucent gate.
 12603 | D:9      | Found a runed translucent gate.
 12603 | D:9      | Noticed a nine-headed hydra
 12604 | D:9      | Noticed NeAGen181's ghost (journeyman HOFi)
 12604 | D:9      | Noticed an 11-headed hydra
 12630 | D:9      | Found a runed translucent gate.
 12822 | D:9      | Found a staircase to the Orcish Mines.
 12920 | D:9      | Found a stormy altar of Qazlal.
 12970 | D:9      | Found a flagged portal.
 12979 | Bailey   | Entered a bailey
 15643 | Bailey   | Found a roughly hewn altar of Beogh.
 15643 | Bailey   | Noticed an orc knight
 15657 | Bailey   | HP: 1/77 [orc knight/+0 glaive (26)]
 15696 | Bailey   | HP: 1/115 [orc warrior/+0 glaive (18)]
 15715 | Bailey   | Identified a scroll of acquirement
 15716 | Bailey   | Got a warped ivory amulet
 15724 | Bailey   | Identified the amulet "Goulix" {Faith Dex+4} (You acquired
                  | it in a bailey)
 15978 | D:9      | Found a staircase to the Lair.
 16132 | D:9      | Reached skill level 8 in Transmutations
 16207 | D:9      | Found a runed translucent door.
 16217 | D:9      | Noticed a centaur warrior
 16467 | D:10     | Entered Level 10 of the Dungeon
 16665 | D:10     | Noticed a cyclops
 16681 | D:10     | Killed a cyclops
 16681 | D:10     | Reached skill level 5 in Dodging
 16895 | D:10     | Reached skill level 1 in Shields
 17304 | D:10     | Learned a level 4 spell: Ice Form
 17486 | D:11     | Noticed a gargoyle
 17547 | D:11     | Reached **** piety under Sif Muna
 17547 | D:11     | Reached skill level 9 in Transmutations
 17559 | D:11     | Noticed Nergalle
 17563 | D:11     | Noticed a spectral orc warlord
 17568 | D:11     | Killed Nergalle
 17575 | D:11     | Reached XP level 11. HP: 70/83 MP: 23/23
 17645 | D:11     | Noticed Erolcha
 17653 | D:11     | Killed Erolcha
 17653 | D:11     | Reached skill level 1 in Ice Magic
 17982 | D:11     | Noticed a two-headed ogre
 18003 | D:11     | Killed a two-headed ogre
 18222 | D:11     | Reached ***** piety under Sif Muna
 18259 | D:11     | Identified Sif Muna's Almanac of Excruciating Earth (Sif
                  | Muna gifted it to you on level 11 of the Dungeon)
 18259 | D:11     | Received a gift from Sif Muna
 18312 | D:11     | Learned a level 2 spell: Throw Frost
 19285 | D:12     | Noticed a purple ugly thing
 19286 | D:12     | Noticed a purple ugly thing
 19294 | D:12     | Killed a purple ugly thing
 19297 | D:12     | Killed a purple ugly thing
 19297 | D:12     | Reached skill level 10 in Transmutations
 19444 | D:12     | Found Lamaedei's Antique Armour Shoppe.
 19504 | D:12     | Reached skill level 5 in Fighting
 19609 | D:12     | Found a runed translucent door.
 20142 | D:7      | Killed Necrophagist's ghost
 20662 | D:9      | Killed a centaur warrior
 20779 | D:9      | Noticed a brown ugly thing
 20786 | D:9      | Killed a brown ugly thing
 20786 | D:9      | Reached XP level 12. HP: 68/94 MP: 18/25
 20887 | D:9      | Noticed a centaur warrior
 20893 | D:9      | Killed a centaur warrior
 20893 | D:9      | Reached skill level 10 in Spellcasting
 20899 | D:9      | Noticed an ettin
 20899 | D:9      | Noticed a six-headed hydra
 20935 | D:9      | Killed an ettin
 20941 | D:9      | Killed a six-headed hydra
 21176 | D:9      | Got a jewelled dire flail
 21178 | D:9      | Got a transparent long sword
 21223 | D:9      | Identified the +4 dire flail "Homaeniu" {freeze, rF+ rN+}
                  | (You found it on level 9 of the Dungeon)
 21224 | D:9      | Identified the +7 long sword of Quutuap {freeze, rF++ Str+2
                  | Stlth+} (You found it on level 9 of the Dungeon)
 21651 | D:12     | Noticed Gastronok
 21662 | D:12     | Identified Sif Muna's Guide on Ghastly Ignition (Sif Muna
                  | gifted it to you on level 12 of the Dungeon)
 21662 | D:12     | Received a gift from Sif Muna
 21669 | D:12     | Killed Gastronok
 21737 | D:12     | Noticed Morbidden's ghost (journeyman DsNe)
 21937 | D:11     | Got a transparent hand axe
 21939 | D:11     | Identified the +4 hand axe of Ascent {antimagic, Int+2}
                  | (You found it on level 11 of the Dungeon)
 22050 | D:13     | Noticed a centaur warrior
 22118 | D:13     | Found Burel's Magic Scroll Shop.
 22122 | D:13     | Bought a scroll of teleportation for 51 gold pieces
 22854 | D:13     | Reached skill level 10 in Unarmed Combat
 22854 | D:13     | Reached skill level 11 in Transmutations
 23685 | D:13     | Killed a centaur warrior
 24153 | D:13     | Found a runed translucent gate.
 24153 | D:13     | Found a runed translucent gate.
 24154 | D:13     | Found a runed translucent gate.
 24154 | D:13     | Identified the +5 double sword of the Pit {slice, rPois rF+
                  | Int-4}
 24154 | D:13     | Noticed a naga warrior
 24154 | D:13     | Noticed a merfolk impaler
 24154 | D:13     | Noticed a merfolk impaler
 24154 | D:13     | Noticed Masa's ghost (journeyman VSTm)
 24155 | D:13     | Noticed a tengu warrior
 24155 | D:13     | Noticed a tengu warrior
 24156 | D:13     | Noticed a centaur warrior
 24171 | D:13     | Got a transparent falchion
 24172 | D:13     | Identified the +12 falchion of Viwned {flame, rN+ Str+2
                  | Stlth+} (You found it on level 13 of the Dungeon)
 24187 | D:13     | Found an iron altar of Okawaru.
 24277 | D:13     | Killed a tengu warrior
 24305 | D:13     | Slain by an orc warrior

Skill      XL: |  1  2  3  4  5  6  7  8  9 10 11 12 |
---------------+-------------------------------------+-----
Dodging        | 2 3 4 5 |  5.6
Unarmed Combat | 4 5 6 7 9 10 | 10.1
Fighting       | 2 3 5 6 |  6.3
Stealth        | 1 2 3 |  3.7
Transmutations | 3 4 6 7 9 10 11 | 11.3
Spellcasting   | 3 4 5 7 8 9 10 | 10.8
Shields        | 1 3 4 |  4.3
Ice Magic      | 2 4 |  4.4

Action                   |  1- 3 |  4- 6 |  7- 9 | 10-12 || total
-------------------------+-------+-------+-------+-------++-------
Melee: Unarmed           |    82 |    51 |   463 |   464 ||  1060
       Headbutt          |     2 |     1 |    27 |     1 ||    31
       Spear             |    81 |   158 |       |       ||   239
       Tailslap          |     7 |    19 |    62 |    79 ||   167
       Punch             |       |     4 |    11 |    17 ||    32
       Kick              |       |    15 |    33 |     2 ||    50
       Long sword        |       |       |       |    37 ||    37
       Falchion          |       |       |       |     2 ||     2
 Cast: Beastly Appendage |     6 |     8 |    31 |     2 ||    47
       Sticks to Snakes  |       |    11 |    35 |    96 ||   142
       Blade Hands       |       |     1 |     8 |    59 ||    68
Invok: Forget Spell      |       |       |       |     1 ||     1
 Abil: Breathe Acid      |       |       |     5 |    17 ||    22
       Evoke Flight      |       |       |       |     1 ||     1
  Use: Potion            |       |     6 |     3 |     9 ||    18
       Scroll            |       |       |    14 |    13 ||    27
 Stab: Sleeping          |     2 |     4 |     3 |    10 ||    19
       Distracted        |       |       |     2 |     3 ||     5
  Eat: Chunk             |     4 |    12 |    12 |    37 ||    65
       Ration            |       |       |     4 |     6 ||    10
Armor: Skin              |    46 |    43 |   156 |   123 ||   368
Dodge: Dodged            |   105 |   119 |   352 |   446 ||  1022
Block: Buckler           |       |       |       |    33 ||    33
       Rpst.: Long sword |       |       |       |     6 ||     6
       Falchion          |       |       |       |     2 ||     2
